 Dungeon Sprint DCSS version 0.24-b1-30-g840c9efd86 (webtiles) character file.

Game seed: 11271412750416137457, levelgen mode: deterministic

44877 night the Sniper (level 14, -17/159 HPs)
             Began as a Kobold Berserker on Oct 25, 2019.
             Was the Champion of Trog.
             Killed from afar by a frost giant (42 damage)
             ... with a bolt of cold
             ... in the Dungeon (Sprint IX: "|||||||||||||||||||||||||||||").
             The game lasted 00:26:51 (5448 turns).

night the Sniper (Kobold Berserker)                 Turns: 5448, Time: 00:26:51

Health: -17/159    AC: 26    Str: 23    XL:     14   Next: 68%
Magic:  20/20      EV: 24    Int: 13    God:    Trog [******]
Gold:   1756       SH:  0    Dex: 22    Spells: 13/13 levels left

rFire    + . .     SeeInvis .   a - +12 short sword "Ittok" {drain, Int+3 Dex+8}
rCold    . . .     Gourm    .   (shield restricted)
rNeg     . . .     Faith    .   L - +4 plate armour {rF+}
rPois    .         Spirit   .   H - +2 helmet
rElec    .         Reflect  .   (no cloak)
rCorr    .         Harm     .   n - +0 pair of gloves
MR       +....     NoTele   +   (no boots)
Stlth    ..........             (no amulet)
HPRegen  0.36/turn              p - +2 ring of protection
MPRegen  0.17/turn              (no ring)

@: berserking, very quick
A: small, carnivore
a: Berserk, Trog's Hand, Brothers in Arms, Renounce Religion


You were in the Dungeon.
You worshipped Trog.
Trog was exalted by your worship.
You were not hungry.

You visited 1 branch You collected 1900 gold pieces.
You spent 144 gold pieces at shops.

Inventory:

Hand Weapons
 a - the +12 short sword "Ittok" (weapon) {drain, Int+3 Dex+8}
   (Trog gifted it to you in the Dungeon)

   A truly terrible weapon, it drains the life of those it strikes.
   It affects your intelligence (+3).
   It affects your dexterity (+8).
 b - a +1 arbalest of freezing
 m - a +1 arbalest of flaming
 r - a +9 quick blade
 E - a +8 short sword of flaming
 K - a +4 rapier of holy wrath
 P - a +2 antimagic rapier
Missiles
 z - 14 sling bullets
 N - 178 bolts
Armour
 n - a +0 pair of gloves (worn)
 C - a +0 helmet
 H - a +2 helmet (worn)
 L - a +4 plate armour of fire resistance (worn)
Jewellery
 p - a +2 ring of protection (left hand)
 q - a +3 ring of intelligence
 G - an uncursed ring of see invisible
 I - an uncursed ring of poison resistance
 J - an uncursed ring of fire
Wands
 l - a wand of iceblast (7)
Scrolls
 i - 4 scrolls of blinking
 k - 4 scrolls of remove curse
 u - 4 scrolls of fog
 v - a scroll of identify
 x - 2 scrolls of fear
 M - 2 scrolls of enchant weapon
Potions
 d - 7 potions of curing
 e - 4 potions of heal wounds
 f - 4 potions of haste
 g - 4 potions of magic
 h - a potion of berserk rage
 j - a potion of invisibility
 o - a potion of agility
 s - 2 potions of resistance
 t - a potion of brilliance
Comestibles
 c - 11 rations


   Skills:
 - Level 19.0 Fighting
 - Level 14.9 Short Blades
 * Level 21.9 Crossbows
 - Level 11.1 Armour
 - Level 19.5 Dodging
 - Level 17.1 Stealth
 - Level 9.0 Evocations


You had 13 spell levels left.
You didn't know any spells.
Your spell library was empty.

Dungeon Overview and Level Annotations

Branches:
Dungeon (1/1)

Altars:
Cheibriados
Dithmenos
Elyvilon
Fedhas
Gozag
Hepliaklqana
Kikubaaqudgha
Makhleb
Nemelex Xobeh
Okawaru
Qazlal
Ru
Sif Muna
Trog
Uskayaw
Vehumet
Wu Jian
Xom
Yredelemnul
Zin
The Shining One
Beogh
Jiyva
Lugonu

Shops:
D ?}**


Innate Abilities, Weirdness & Mutations

You are small and have problems with some larger weapons.
You are carnivorous and can eat meat at any time.


Message History

You puncture the frost giant!
The frost giant is heavily wounded.
Your plate armour prevents you from hitting the frost giant.
The frost giant is heavily wounded.
You puncture the frost giant!
The frost giant is heavily wounded.
The frost giant casts a spell at you. The bolt of cold hits you!!!
* * * LOW HITPOINT WARNING * * *
You completely miss the frost giant.
The frost giant is heavily wounded.
You hit the frost giant.
The frost giant is heavily wounded.
You are too berserk!
You are too berserk!
You impale the frost giant!! You drain the frost giant!
The frost giant is almost dead.
The frost giant casts a spell at you. The bolt of cold hits you!!!
You die...

▓▓▓▓▓▓▓▓▓▓▓▓▓▓▓▓▓▓▓▓▓▓▓*********
▓<▓...▓...▓...▓.C.▓...▓,,,*,,,*,
▓.▓.▓.▓.▓.▓.▓.▓@▓.▓.▓.▓,*,*,*,*,
▓.▓.▓.▓.▓.▓.▓.▓.▓.▓)▓.▓,*,*,*,*,
▓.▓.▓.▓.▓.▓.▓.▓.▓.▓.▓.▓,*,*,*,*,
▓'▓.▓.▓.▓.▓.▓.▓.▓.▓.▓.▓,*,*,*,*,
▓)▓.▓.▓.▓.▓.▓.▓.▓C▓)▓C▓,*,*,*,*,
▓.▓.▓.▓.▓.▓.▓.▓.▓.▓.▓.▓,*,*,*,*,
▓.▓.▓'▓.▓.▓.▓.▓.▓.▓.▓T▓,*,*,*+*,
▓.▓.▓.▓.▓.▓.▓.▓.▓.▓[▓.▓,*,*,*,*,
▓.▓.▓.▓.▓.▓.▓'▓.▓.▓.▓.▓,*,*,*,*,


You could see a frost giant.

Vanquished Creatures
  Frances (D)
  A thorn hunter (D)
  4 stone giants (D)
  A dire elephant (D)
  Snorg (D)
  A spark wasp (D)
  An ettin (D)
  4 great orbs of eyes (D)
  A fire dragon (D)
  An ice dragon (D)
  A naga warrior (D)
  A hydra (D)
  A spriggan air mage (D)
  6 ogre magi (D)
  A centaur warrior (D)
  4 two-headed ogres (D)
  A deep troll shaman (D)
  A shock serpent (D)
  2 orc high priests (D)
  A spriggan druid (D)
  2 sea snakes (D)
  An orc knight (D)
  A mana viper (D)
  A cyclops (D)
  An orc sorcerer (D)
  A manticore (D)
  A black mamba (D)
  7 elephants (D)
  A water nymph (D)
  2 gargoyles (D)
  Psyche (D)
  2 spiny frogs (D)
  A rime drake (D)
  A yaktaur (shapeshifter) (D)
  2 demonic crawlers (D)
  4 yaktaurs (D)
  A rime drake (shapeshifter) (D)
  A polar bear (D)
  2 jumping spiders (D)
  A tengu conjurer (D)
  A wind drake (D)
  A merfolk (D)
  A tyrant leech (D)
  A hornet (D)
  A blink frog (D)
  A hippogriff (D)
  A snapping turtle (D)
  A redback (D)
  A water elemental (D)
  2 tarantellas (D)
  A yak (D)
  A hungry ghost (D)
  Grum (D)
  A soldier ant (D)
  A water moccasin (D)
  2 porcupines (D)
  9 orc warriors (D)
  An ice beast (D)
  3 ogres (D)
  A sky beast (D)
  An eye of draining (D)
  A centaur (D)
  2 wolves (D)
  6 crocodiles (D)
  5 bullfrogs (D)
  A howler monkey (D)
  A hound (D)
  3 orc wizards (D)
  5 orc priests (D)
  A worker ant (D)
  A gnoll (D)
  3 adders (D)
  6 orcs (D)
  A bat (D)
  A bat zombie (D)
  2 goblins (D)
  A hobgoblin (D)
  A jackal (D)
  A frilled lizard (D)
144 creatures vanquished.

Vanquished Creatures (collateral kills)
  A shambling mangrove (D)
  A naga sharpshooter (D)
  A shock serpent (D)
  A mana viper (D)
  A black mamba (D)
  A naga mage (D)
  2 spiny frogs (D)
  A tyrant leech (D)
  2 hornets (D)
  A vampire mosquito (D)
12 creatures vanquished.

Grand Total: 156 creatures vanquished

Notes
Turn   | Place    | Note
-------+----------+-------------------------------------------
     0 | D        | night the Kobold Berserker began the quest for the Orb.
     0 | D        | Reached XP level 1. HP: 14/14 MP: 1/1
    12 | D        | Reached ** piety under Trog
    16 | D        | Reached skill level 5 in Short Blades
    16 | D        | Reached XP level 2. HP: 20/20 MP: 2/2
    64 | D        | Reached *** piety under Trog
    64 | D        | Reached skill level 5 in Fighting
    64 | D        | Reached XP level 3. HP: 26/26 MP: 3/3
   125 | D        | Found a roughly hewn altar of Beogh.
   125 | D        | Found a snail-covered altar of Cheibriados.
   125 | D        | Found a shadowy altar of Dithmenos.
   125 | D        | Found a white marble altar of Elyvilon.
   125 | D        | Found a blossoming altar of Fedhas.
   125 | D        | Found an opulent altar of Gozag.
   126 | D        | Found a hazy altar of Hepliaklqana.
   127 | D        | Found a viscous altar of Jiyva.
   128 | D        | Found an ancient bone altar of Kikubaaqudgha.
   129 | D        | Found a corrupted altar of Lugonu.
   130 | D        | Found a burning altar of Makhleb.
   131 | D        | Found a sparkling altar of Nemelex Xobeh.
   132 | D        | Found an iron altar of Okawaru.
   133 | D        | Found a stormy altar of Qazlal.
   134 | D        | Found a sacrificial altar of Ru.
   135 | D        | Found a shimmering blue altar of Sif Muna.
   136 | D        | Found a bloodstained altar of Trog.
   137 | D        | Found a hide-covered altar of Uskayaw.
   138 | D        | Found a radiant altar of Vehumet.
   139 | D        | Found an ornate altar of the Wu Jian Council.
   140 | D        | Found a shimmering altar of Xom.
   141 | D        | Found a basalt altar of Yredelemnul.
   142 | D        | Found a glowing silver altar of Zin.
   143 | D        | Found a glowing golden altar of the Shining One.
   194 | D        | Noticed a soldier ant
   194 | D        | Noticed an orc warrior
   194 | D        | Noticed an eye of draining
   194 | D        | Noticed a sky beast
   194 | D        | Noticed a bullfrog
   197 | D        | Reached **** piety under Trog
   197 | D        | Reached XP level 4. HP: 32/32 MP: 4/4
   204 | D        | Killed a soldier ant
   204 | D        | Reached skill level 10 in Short Blades
   204 | D        | Reached XP level 5. HP: 36/36 MP: 0/5
   213 | D        | Killed an orc warrior
   213 | D        | Reached XP level 6. HP: 30/41 MP: 0/6
   221 | D        | Killed an eye of draining
   221 | D        | Reached skill level 10 in Dodging
   227 | D        | Killed a sky beast
   227 | D        | Reached XP level 7. HP: 24/45 MP: 1/7
   461 | D        | Noticed a rime drake
   461 | D        | Noticed a hungry ghost
   465 | D        | Reached ***** piety under Trog
   476 | D        | Killed a rime drake
   476 | D        | Reached XP level 8. HP: 46/51 MP: 8/8
   487 | D        | Received a gift from Trog
   715 | D        | Noticed a spiny frog
   719 | D        | Reached skill level 5 in Stealth
   720 | D        | Noticed a polar bear
   732 | D        | Received a gift from Trog
   732 | D        | Reached XP level 9. HP: 59/59 MP: 9/9
   739 | D        | Killed a spiny frog
   751 | D        | Killed a polar bear
   786 | D        | Noticed a rime drake
   794 | D        | Noticed a blink frog
   806 | D        | Killed a rime drake
   806 | D        | Reached skill level 10 in Fighting
   806 | D        | Reached skill level 15 in Dodging
   806 | D        | Reached skill level 10 in Stealth
   825 | D        | Received a gift from Trog
   832 | D        | Killed a blink frog
   838 | D        | Reached XP level 10. HP: 56/68 MP: 6/10
   844 | D        | Reached ****** piety under Trog
   847 | D        | Received a gift from Trog
   878 | D        | Noticed an elephant
   878 | D        | Noticed an elephant
   878 | D        | Noticed a dire elephant
   878 | D        | Noticed an elephant
   878 | D        | Noticed an elephant
   878 | D        | Noticed an elephant
   899 | D        | Killed an elephant
   909 | D        | Killed an elephant
   932 | D        | Killed a dire elephant
   942 | D        | Killed an elephant
   959 | D        | Killed an elephant
   959 | D        | Received a gift from Trog
   980 | D        | Killed an elephant
   980 | D        | Reached XP level 11. HP: 21/78 MP: 11/11
   986 | D        | Got a jewelled short sword {god gift}
   987 | D        | Identified the +12 short sword "Ittok" {drain, Int+3 Dex+8}
                  | (Trog gifted it to you in the Dungeon)
   988 | D        | Noticed an elephant
  1223 | D        | Noticed an elephant
  1231 | D        | Killed an elephant
  1231 | D        | Reached skill level 15 in Stealth
  1234 | D        | Killed an elephant
  1406 | D        | Noticed an orc knight
  1418 | D        | Received a gift from Trog
  1424 | D        | Killed an orc knight
  1440 | D        | Received a gift from Trog
  1602 | D        | Noticed an orc high priest
  1611 | D        | Noticed an orc high priest
  1615 | D        | Noticed an orc sorcerer
  1624 | D        | Killed an orc high priest
  1624 | D        | Received a gift from Trog
  1629 | D        | Noticed a soul eater
  1638 | D        | Killed an orc high priest
  1643 | D        | Killed an orc sorcerer
  1840 | D        | Found Waekiny's Magic Scroll Emporium.
  1840 | D        | Noticed an ogre mage
  1840 | D        | Noticed a two-headed ogre
  1840 | D        | Noticed an ogre mage
  1840 | D        | Noticed a two-headed ogre
  1849 | D        | Noticed an ogre mage
  1852 | D        | Killed an ogre mage
  1852 | D        | Received a gift from Trog
  1852 | D        | Reached skill level 15 in Fighting
  1858 | D        | Killed a two-headed ogre
  1861 | D        | Killed an ogre mage
  1861 | D        | Reached skill level 5 in Armour
  1861 | D        | Reached XP level 12. HP: 88/88 MP: 3/12
  1872 | D        | Killed a two-headed ogre
  1881 | D        | Killed an ogre mage
  1881 | D        | Received a gift from Trog
  2171 | D        | Found Cecybeask's Gadget Shoppe.
  2175 | D        | Found Caplurr's Assorted Antiques.
  2177 | D        | Noticed a two-headed ogre
  2511 | D        | Noticed a two-headed ogre
  2518 | D        | Noticed an ogre mage
  2521 | D        | Killed a two-headed ogre
  2527 | D        | Killed a two-headed ogre
  2528 | D        | Found Ybbede's General Store.
  2535 | D        | Killed an ogre mage
  2538 | D        | Received a gift from Trog
  2544 | D        | Noticed an ogre mage
  2545 | D        | Noticed an ogre mage
  2554 | D        | Killed an ogre mage
  2558 | D        | Killed an ogre mage
  2588 | D        | Bought a scroll labeled LONIT DIWNONT for 17 gold pieces
  2588 | D        | Bought a runed helmet for 127 gold pieces
  2657 | D        | Noticed Grum
  2665 | D        | Killed Grum
  2671 | D        | Reached skill level 1 in Evocations
  2679 | D        | Received a gift from Trog
  2872 | D        | Noticed a centaur warrior
  2872 | D        | Noticed a six-headed hydra
  2880 | D        | Killed a centaur warrior
  2888 | D        | Killed a six-headed hydra
  2894 | D        | Reached skill level 5 in Evocations
  2897 | D        | Reached skill level 10 in Armour
  2898 | D        | Noticed a stone giant
  2901 | D        | Noticed a stone giant
  2902 | D        | Noticed an ettin
  2905 | D        | Noticed a fire dragon
  2910 | D        | Noticed a great orb of eyes
  2912 | D        | Killed a stone giant
  2912 | D        | Received a gift from Trog
  2912 | D        | Reached XP level 13. HP: 67/99 MP: 15/17
  2926 | D        | Killed a stone giant
  2950 | D        | Killed an ettin
  2967 | D        | Killed a fire dragon
  2979 | D        | Killed a great orb of eyes
  2979 | D        | Received a gift from Trog
  3180 | D        | Noticed Psyche
  3183 | D        | Killed Psyche
  3183 | D        | Reached skill level 2 in Crossbows
  3222 | D        | Noticed Frances
  3236 | D        | Killed Frances
  3236 | D        | Reached skill level 8 in Crossbows
  3339 | D        | Noticed a spark wasp
  3343 | D        | Received a gift from Trog
  3343 | D        | Reached skill level 9 in Crossbows
  3352 | D        | Reached skill level 10 in Crossbows
  3361 | D        | Killed a spark wasp
  3361 | D        | Reached skill level 11 in Crossbows
  3362 | D        | Received a gift from Trog
  3417 | D        | Noticed a naga warrior
  3422 | D        | Reached skill level 12 in Crossbows
  3437 | D        | Reached skill level 13 in Crossbows
  3447 | D        | Killed a naga warrior
  3453 | D        | Reached skill level 14 in Crossbows
  3455 | D        | Received a gift from Trog
  3456 | D        | Received a gift from Trog
  3457 | D        | Received a gift from Trog
  3680 | D        | Reached skill level 15 in Crossbows
  3685 | D        | Reached XP level 14. HP: 92/106 MP: 20/20
  3711 | D        | Received a gift from Trog
  3711 | D        | Reached skill level 16 in Crossbows
  3773 | D        | Received a gift from Trog
  4026 | D        | Noticed a thorn hunter
  4039 | D        | Killed a thorn hunter
  4039 | D        | Reached skill level 17 in Crossbows
  4042 | D        | Received a gift from Trog
  4055 | D        | Reached skill level 18 in Crossbows
  4072 | D        | Received a gift from Trog
  4073 | D        | Received a gift from Trog
  4588 | D        | Noticed Snorg
  4626 | D        | Killed Snorg
  4626 | D        | Reached skill level 19 in Crossbows
  4694 | D        | Noticed a stone giant
  4727 | D        | Paralysed by a great orb of eyes for 5 turns
  4796 | D        | Reached skill level 20 in Crossbows
  4823 | D        | Received a gift from Trog
  4881 | D        | Killed a stone giant
  4920 | D        | Received a gift from Trog
  4920 | D        | Reached skill level 21 in Crossbows
  5010 | D        | Paralysed by a great orb of eyes for 2 turns
  5016 | D        | Paralysed by a great orb of eyes for 6 turns
  5028 | D        | Received a gift from Trog
  5246 | D        | Noticed a stone giant
  5252 | D        | Killed a stone giant
  5252 | D        | Noticed a frost giant
  5448 | D        | Killed from afar by a frost giant

Skill      XL: |  1  2  3  4  5  6  7  8  9 10 11 12 13 14 |
---------------+-------------------------------------------+-----
Fighting       | 4 5 8 10 13 15 18 19 | 19.0
Short Blades   | 5 6 7 10 11 13 14 | 14.9
Dodging        | 3 4 8 9 11 13 14 15 17 18 19 | 19.5
Armour         | 2 5 10 11 | 11.1
Stealth        | 7 11 14 17 | 17.1
Evocations     | 6 9 |  9.0
Crossbows      | 15 21 | 21.9

Action                   |  1- 3 |  4- 6 |  7- 9 | 10-12 | 13-15 || total
-------------------------+-------+-------+-------+-------+-------++-------
Melee: Short sword       |    20 |       |       |   164 |   223 ||   407
       Rapier            |     2 |    27 |    26 |       |       ||    55
       Quick blade       |       |       |    83 |    90 |       ||   173
       Dagger            |       |       |       |    27 |       ||    27
 Fire: Fustibalus        |       |       |       |     4 |       ||     4
       Arbalest          |       |       |       |       |    85 ||    85
Invok: Berserk           |     3 |       |     2 |     9 |     5 ||    19
       Brothers in Arms  |       |       |       |       |     3 ||     3
       Trog's Hand       |       |       |       |       |     2 ||     2
Evoke: Wand              |       |       |       |     3 |       ||     3
  Use: Scroll            |       |       |       |     4 |       ||     4
       Potion            |       |       |       |     1 |     2 ||     3
  Eat: Chunk             |     2 |       |    11 |    14 |     7 ||    34
Armor: Chain mail        |     1 |     2 |     6 |    25 |       ||    34
       Plate armour      |       |       |       |     9 |    49 ||    58
Dodge: Dodged            |    10 |     3 |    30 |   119 |   122 ||   284
